 Dungeon Crawl Stone Soup version 0.21-a0-504-g2eda330 (webtiles) character file.

474 4thArraOfDagon the Vexing (level 6, -7/41 HPs)
             Began as a Mummy Enchanter on Nov 26, 2017.
             Was an Initiate of Cheibriados.
             Mangled by a centaur (10 damage)
             ... on level 5 of the Dungeon.
             The game lasted 00:13:32 (2320 turns).

4thArraOfDagon the Vexing (Mummy Enchanter)         Turns: 2320, Time: 00:13:33

Health: -7/41      AC:  3    Str: 13    XL:     6   Next: 84%
Magic:  5/12       EV: 12    Int: 17    God:    Cheibriados [......]
Gold:   192        SH:  0    Dex: 13    Spells: 2/13 levels left

rFire    x . .     SeeInvis .   a - +1 dagger
rCold    + . .     Gourm    .   (no shield)
rNeg     + + +     Faith    .   b - +0 robe
rPois    ∞         Spirit   .   (no helmet)
rElec    .         Reflect  .   (no cloak)
rCorr    .         Harm     .   (no gloves)
MR       .....                  g - +0 pair of boots
Stlth    ++........             (no amulet)
HPRegen  0.13/turn              j - ring of wizardry
MPRegen  0.13/turn              (no ring)

@: very slow
A: no food or potions, fire vulnerability, cold resistance 1, negative energy
resistance 3, torment resistance, unbreathing
a: Bend Time, Renounce Religion


You were on level 5 of the Dungeon.
You worshipped Cheibriados.
Cheibriados was noncommittal.
You were not hungry.

You visited 1 branch of the dungeon, and saw 7 of its levels.

You collected 192 gold pieces.

Inventory:

Hand Weapons
 a - a +1 dagger (weapon)
Armour
 b - a +0 robe (worn)
 f - a +2 chain mail of magic resistance
 g - a +0 pair of boots (worn)
Jewellery
 j - a ring of wizardry (left hand)
Scrolls
 d - 2 scrolls of identify
 e - a scroll of fear {unknown}
 k - 3 scrolls of enchant weapon
 m - 2 scrolls of remove curse
Books
 c - a book of Maledictions

   Spells                             Type                      Level
   a - Corona                         Hexes                        1
   b - Ensorcelled Hibernation        Hexes/Ice                    2
   c - Confuse                        Hexes                        3
   d - Tukima's Dance                 Hexes                        3
   e - Dazzling Spray                 Conjuration/Hexes            3
 i - a book of Misfortune

   Spells                             Type                      Level
   a - Confusing Touch                Hexes                        1
   b - Confuse                        Hexes                        3
   c - Gell's Gravitas                Translocation                3
   d - Petrify                        Transmutation/Earth          4
   e - Metabolic Englaciation         Hexes/Ice                    5
   f - Yara's Violent Unravelling     Hexes/Transmutation          5


   Skills:
 - Level 3.2 Short Blades
 - Level 1.5 Dodging
 - Level 2.4 Stealth
 + Level 4.1 Spellcasting
 * Level 4.3 Hexes
 * Level 2.9 Ice Magic


You had 2 spell levels left.
You knew the following spells:

 Your Spells              Type           Power        Failure   Level  Hunger
a - Corona                Hex            ###....      1%          1    N/A
b - Ensorcelled Hibernat  Hex/Ice        ###...       2%          2    N/A
c - Confuse               Hex            ###.....     3%          3    N/A
d - Metabolic Englaciati  Hex/Ice        ###.......   34%         5    N/A

Dungeon Overview and Level Annotations

Branches:
Dungeon (7/15)
 Temple: D:4-7

Altars:
Cheibriados
Elyvilon
Nemelex Xobeh
Ru
Yredelemnul
Zin
The Shining One

Shops:
D:4 [


Innate Abilities, Weirdness & Mutations

You do not eat or drink.
Your flesh is vulnerable to fire.
You are immune to poison.
Your flesh is cold resistant. (rC+)
You are immune to negative energy. (rN+++)
You are immune to unholy pain and torment.
You can survive without breathing.


Message History

A worker ant comes into view.
You see here an arrow.
Unknown command.
Unknown command.
The centaur unwields an uncursed shortbow.
The centaur hits you.
* * * LOW HITPOINT WARNING * * *
The centaur hits you.
* * * LOW HITPOINT WARNING * * *
Unknown command.
Unknown command.
Okay, then.
You can't drink.
As you read the scroll labeled FYCONI MOCOCI, it crumbles to dust.
It is a scroll of amnesia.
Forget which spell ([?*] list [ESC] exit)?
Forget which spell ([?*] list [ESC] exit)?
Okay, then.
The centaur hits you!
You die...

...?..O.o(.# #.##...
h.....###O### #......
......###J#######..#...
#.##..o............#..)
#.##............O..#...
#.##...............#...
#.##...............#...
#.##..(............#...
####.##..@............####
#...>....5c...............
#.............a.......####
#.....................#
#.....................#
#.....................#
#......########...#....
#......# #...#....
########


You could see an ogre, a centaur, a jelly, a worker ant, a shadow imp and an
orc.

Vanquished Creatures
  A necrophage (D:5)
  A scorpion (D:5)
  2 howler monkeys (D:6)
  A hound (D:4)
  A centaur skeleton (D:6)
  5 worker ants
  A hound skeleton (D:4)
  An adder (D:3)
  A worm (D:4)
  2 dart slugs
  2 leopard geckos
  An orc (D:4)
  3 giant cockroaches
  2 goblins (D:1)
  3 hobgoblins
  4 jackals
  8 kobolds
  5 quokkas
  8 bats
  3 frilled lizards
  A quokka skeleton (D:4)
  7 rats
63 creatures vanquished.

Notes
Turn   | Place    | Note
-------+----------+-------------------------------------------
     0 | D:1      | 4thArraOfDagon the Mummy Enchanter began the quest for the Orb.
     0 | D:1      | Reached XP level 1. HP: 13/13 MP: 4/4
     0 | D:1      | jacquesderrida: Dagan deded
     0 | D:1      | p0werm0de: !hs * trsk
     0 | D:1      | beem: 1294. Nebukadnezar the Wrestler (L27 TrSk of Okawaru), escaped with the Orb and 15 runes on 2017-08-03 16:59:57, with 20203258 points after 75820 turns and 15:21:52.
     0 | D:1      | jacquesderrida: Died a little
    20 | D:1      | Reached skill level 1 in Short Blades
    70 | D:1      | Reached XP level 2. HP: 12/19 MP: 2/5
    85 | D:1      | Learned a level 2 spell: Ensorcelled Hibernation
   141 | D:1      | jacquesderrida: y u no slep m0nker
   185 | D:1      | p0werm0de: i slept well
   186 | D:1      | jacquesderrida: Under germanski blanket
   235 | D:1      | p0werm0de: my blankets are nice
   252 | D:2      | jacquesderrida: ARe they blank
   326 | D:2      | Found a glowing golden altar of the Shining One.
   329 | D:2      | Found a white marble altar of Elyvilon.
   332 | D:2      | Found a sacrificial altar of Ru.
   336 | D:2      | Became a worshipper of Ru the Awakened
   362 | D:2      | jacquesderrida: urururu
   365 | D:2      | Reached XP level 3. HP: 24/24 MP: 2/7
   632 | D:3      | Learned a level 3 spell: Confuse
   753 | D:4      | Found Xeaki's Armour Shoppe.
   841 | D:4      | Reached XP level 4. HP: 25/30 MP: 4/8
   860 | D:4      | jacquesderrida: Shep
   992 | D:4      | Reached skill level 1 in Ice Magic
  1022 | D:4      | jacquesderrida: Dam son
  1041 | D:5      | Entered Level 5 of the Dungeon
  1199 | D:5      | Noticed a necrophage
  1229 | D:5      | jacquesderrida: Daaaaaang
  1276 | D:4      | jacquesderrida: Defeated by trasheater
  1428 | D:4      | jacquesderrida: o.o
  1429 | D:4      | jacquesderrida: x.x
  1490 | D:4      | jacquesderrida: Rip speed
  1495 | D:4      | Reached XP level 5. HP: 19/35 MP: 4/9
  1550 | D:4      | jacquesderrida: Ant city
  1810 | D:4      | Noticed a phantom
  1897 | D:5      | Noticed a centaur
  1996 | D:5      | p0werm0de: m0n0l0gu3
  1996 | D:5      | Killed a necrophage
  1996 | D:5      | Reached XP level 6. HP: 32/41 MP: 8/11
  2076 | D:5      | Learned a level 5 spell: Metabolic Englaciation
  2099 | D:6      | Anon1729: is it beneficial to leave potions of experience for later or should one instantly drink them?
  2164 | D:6      | p0werm0de: instantly
  2214 | D:6      | Thaneod: sometimes it is worth to leave for later, like switching to another god
  2233 | D:6      | Found a basalt altar of Yredelemnul.
  2234 | D:6      | Found a glowing silver altar of Zin.
  2235 | D:6      | Found a snail-covered altar of Cheibriados.
  2237 | D:6      | Found a sparkling altar of Nemelex Xobeh.
  2238 | D:6      | Thaneod: but in 95% games drink when you find
  2242 | D:6      | Fell from the grace of Ru
  2242 | D:6      | Became a worshipper of Cheibriados the Contemplative
  2243 | D:6      | Anon1729: ok thx
  2319 | D:5      | HP: 2/41 [centaur (6)]
  2320 | D:5      | Mangled by a centaur

Vault maps used:
D:1:      dpeg_arrival_tiny_g, minmay_crystal_room, feat_on_display
D:2:      grunt_temple_overflow_diamond, dk_noncrumbling_3, minmay_quantized
D:4:      serial_shops, nicolae_shop_stone, first_bread,
          corexii_mini_fake_secret_closet, makhleb_blood_cavern_becter
D:5:      kennysheep_mini_moat, minmay_temple_entry_junction_2
D:6:      grunt_temple_overflow_open
D:7:      grunt_dithmenos_smoke, grunt_livestock

Skill      XL: |  1  2  3  4  5  6 |
---------------+-------------------+-----
Short Blades   | 1 2 3 |  3.2
Spellcasting   | 3 4 |  4.1
Hexes          | 3 4 |  4.3
Ice Magic      | 1 2 |  2.9
Dodging        | |  1.5
Stealth        | |  2.4

Action                   |  1- 3 |  4- 6 || total
-------------------------+-------+-------++-------
Melee: Dagger            |   111 |    90 ||   201
 Cast: Corona            |    12 |     4 ||    16
       Ensorcelled Hiber |    15 |    31 ||    46
       Confuse           |       |     6 ||     6
Invok: Reject Sacrifices |       |     1 ||     1
  Use: Scroll            |       |     8 ||     8
 Stab: Sleeping          |    15 |    21 ||    36
       Confused          |       |     1 ||     1
Armor: Robe              |    28 |    11 ||    39
Dodge: Dodged            |    73 |    57 ||   130

Table legend:
 A = Spawn XP
 B = Non-spawn XP
 C = Spawn XP percentage of total XP
 D = Spawn monster count
 E = Non-spawn monster count
 F = Spawn count percentage of total count
 G = Total turns spent on level
                    A         B        C        D         E        F      G
               +---------+---------+-------+---------+---------+-------+---------
         Total |       0 |     678 |   0.0 |       0 |      63 |   0.0 |  2320
               +---------+---------+-------+---------+---------+-------+---------
           D:1 |       0 |      26 |   0.0 |       0 |      16 |   0.0 |   247
           D:2 |       0 |      24 |   0.0 |       0 |      14 |   0.0 |   331
           D:3 |       0 |      25 |   0.0 |       0 |       9 |   0.0 |   190
           D:4 |       0 |     199 |   0.0 |       0 |      16 |   0.0 |   830
           D:5 |       0 |     225 |   0.0 |       0 |       3 |   0.0 |   506
           D:6 |       0 |     179 |   0.0 |       0 |       5 |   0.0 |   213
               +---------+---------+-------+---------+---------+-------+---------
